 Dungeon Crawl Stone Soup version 0.25-a0-631-gc915619 (webtiles) character file.

Game seed: 1169158191818326022, levelgen mode: deterministic

50271 robertstho the Protected (level 14, -6/94 HPs)
             Began as a Tengu Berserker on Mar 18, 2020.
             Was a High Priest of Trog.
             Mangled by a tyrant leech (22 damage)
             ... on level 6 of the Lair of Beasts.
             The game lasted 00:36:14 (12234 turns).

robertstho the Protected (Tengu Berserker)         Turns: 12234, Time: 00:36:15

Health: -6/94      AC: 18    Str: 29    XL:     14   Next: 54%
Magic:  15/15      EV: 14    Int:  7    God:    Trog [*****.]
Gold:   1338       SH:  0    Dex: 13    Spells: 13/13 levels left

rFire    . . .     SeeInvis .   S - +14 quarterstaff of Plog {flame, rPois}
rCold    + . .     Gourm    .   (shield currently unavailable)
rNeg     . . .     Faith    .   R - +0 plate armour
rPois    +         Spirit   .   (helmet restricted)
rElec    .         Reflect  .   d - scarf {cloud immunity}
rCorr    .         Harm     .   p - +0 pair of gloves
MR       +....                  (boots unavailable)
Stlth    ..........             u - amulet of regeneration
HPRegen  0.65/turn              b - +5 ring of strength
MPRegen  0.14/turn              A - ring of protection from cold

@: berserk cooldown, flying quickly and evasively, slowed, very slow
A: beak, talons 3, able to fly
a: Stop Flying, Berserk, Trog's Hand, Brothers in Arms, Renounce Religion


You were on level 6 of the Lair of Beasts.
You worshipped Trog.
Trog was extremely pleased with you.
You were not hungry.

You visited 2 branches of the dungeon, and saw 19 of its levels.
You also visited: Ice Cave.

You collected 1338 gold pieces.

Inventory:

Hand Weapons
 g - a +0 spear of flaming
 q - a +3 quarterstaff of chaos
 F - a +1 vampiric spear
 S - the +14 quarterstaff of Plog (weapon) {flame, rPois}
   (Trog gifted it to you on level 2 of the Lair of Beasts)

   It has been specially enchanted to burn those struck by it, causing extra
   injury to most foes and up to half again as much damage against particularly
   susceptible opponents.
   It protects you from poison.
Armour
 d - a scarf of cloud immunity (worn)
 l - a +2 tower shield of cold resistance
 p - a +0 pair of gloves (worn)
 t - a +0 kite shield
 x - the +0 ring mail "Habes" {rN+ MR+++}
   (You found it on level 1 of the Lair of Beasts)

   It protects you from negative energy.
   It affects your resistance to hostile enchantments.
 G - a +2 scale mail of poison resistance
 R - a +0 plate armour (worn)
Jewellery
 b - a +5 ring of strength (left hand)
 r - an uncursed amulet of the gourmand
 u - an amulet of regeneration (around neck)
 v - an uncursed ring of magical power
 y - an uncursed ring of protection from fire
 A - a ring of protection from cold (right hand)
 E - an uncursed ring of fire
 L - an uncursed ring of positive energy
Wands
 w - a wand of digging (16)
 J - a wand of disintegration (5)
 K - a wand of random effects (19)
 O - a wand of enslavement (11)
Scrolls
 h - 5 scrolls of enchant weapon
 i - 6 scrolls of remove curse
 m - 3 scrolls of magic mapping
 s - a scroll of enchant armour {unknown}
 D - 3 scrolls of fog {unknown}
 I - 3 scrolls of fear {unknown}
 M - 3 scrolls of teleportation
 N - a scroll of blinking
 P - 3 scrolls of immolation {unknown}
 Q - a scroll of brand weapon {unknown}
Potions
 a - a potion of magic
 e - a potion of heal wounds
 f - 3 potions of lignification
 j - 3 potions of might
 k - a potion of degeneration {unknown}
 n - 7 potions of flight {unknown}
 o - a potion of curing {unknown}
 z - 3 potions of resistance
 B - a potion of cancellation {unknown}
 C - a potion of brilliance
 H - a potion of stabbing
 T - a potion of mutation
Comestibles
 c - 32 rations
 U - 6 chunks of flesh


   Skills:
 * Level 13.2 Fighting
   Level 5.6(9.4) Axes
 + Level 11.5(13.5) Polearms
 + Level 10.6(12.6) Staves
 * Level 14.2 Armour
 + Level 7.3 Dodging
 + Level 3.5 Stealth
 + Level 2.3 Shields


You had 13 spell levels left.
You didn't know any spells.
Your spell library was empty.

Dungeon Overview and Level Annotations

Branches:
Dungeon (13/15)            Temple (0/1) D:4            Lair (6/6) D:8
  Swamp (0/4) Lair:4       Spider (0/4) Lair:2        Slime (0/5) Lair:6
  IceCv (visited)
    Orc: D:9-12      Vaults: D:13-14

Altars:
Hepliaklqana
Sif Muna
The Shining One
Jiyva

Annotations:
D:11 Atlas's ghost, journeyman DrIE
Lair:4 2 runed translucent doors, Atlas's ghost, journeyman DsMo


Innate Abilities, Weirdness & Mutations

You have a beak for a mouth.
You have claws for feet.
You can fly continuously.


Message History

Found a viscous altar of Jiyva.
The tyrant leech bites you!
The tyrant leech draws strength from your injuries!
You barely miss the tyrant leech. You claw the tyrant leech.
The tyrant leech is lightly wounded.
The tyrant leech bites you but does no damage.
You bludgeon the tyrant leech!! You burn the tyrant leech.
Your kick misses the tyrant leech.
The tyrant leech is heavily wounded.
You barely miss the tyrant leech. Your kick misses the tyrant leech.
Your peck misses the tyrant leech.
The tyrant leech is heavily wounded.
The tyrant leech bites you!!
* * * LOW HITPOINT WARNING * * *
The tyrant leech draws strength from your injuries!
You closely miss the tyrant leech. Your kick misses the tyrant leech.
You peck the tyrant leech!
The tyrant leech is moderately wounded.
The tyrant leech bites you!!
You die...

P≈≈≈≈.≈≈≈≈≈≈≈.... ≈≈
###≈≈≈≈≈≈≈≈P≈..... ≈≈≈
##≈≈≈≈≈≈≈≈≈≈≈.P....
≈≈P###≈≈≈≈≈≈≈≈≈≈≈.......
≈≈≈≈≈#≈≈≈≈≈≈≈≈≈≈.≈.≈....
≈≈≈≈P≈≈≈≈≈≈≈†≈≈...≈.†...
.≈.≈≈≈≈≈≈≈.P...###.....#
..≈....P...#####........
.P≈..≈w@####............
........................
........................
.....................(..
........................
..>.....................
.._.....................
........................
................


You could see a tyrant leech.

Vanquished Creatures
  A frost giant (IceCv)
  Snorg (Lair:3)
  3 hydras
  Harold (D:7)
  4 two-headed ogres
  6 death yaks (Lair:5)
  An unseen horror (D:11)
  2 manticores (D:13)
  An elephant (D:8)
  A black mamba (Lair:5)
  An ice statue (IceCv)
  A gargoyle (D:10)
  28 spiny frogs
  2 rime drakes
  A komodo dragon (Lair:1)
  2 ice devils (Lair:5)
  A troll (D:9)
  19 polar bears
  3 tyrant leeches (Lair:6)
  Prince Ribbit (D:6)
  11 hippogriffs
  21 blink frogs
  6 dream sheep (Lair:4)
  15 yaks
  A spriggan (D:7)
  2 basilisks (Lair:3)
  5 vampire mosquitoes
  2 swamp worms (Lair:4)
  2 soldier ants
  6 water moccasins
  10 porcupines
  4 ice beasts
  2 sky beasts
  An orc warrior (D:9)
  2 ogres
  A black bear (D:10)
  2 phantoms
  37 wolves
  5 centaurs
  4 crocodiles
  16 bullfrogs
  2 big kobolds
  A gnoll sergeant (D:6)
  5 scorpions
  A wyvern skeleton (D:9)
  A water moccasin skeleton (D:7)
  4 wights (D:7)
  5 howler monkeys
  An electric eel (Lair:1)
  7 crimson imps
  3 bullfrog zombies
  3 hounds (D:9)
  An orc priest (D:6)
  3 bullfrog skeletons
  A quasit (D:10)
  Crazy Yiuf (D:2)
  5 orc wizards
  3 centaur skeletons
  4 iguanas
  9 worker ants
  A hound zombie (D:5)
  4 gnolls
  10 adders
  4 shadow imps
  2 oozes
  An adder skeleton (D:7)
  An adder zombie (D:4)
  5 worms
  2 dart slugs
  5 leopard geckos
  32 orcs
  3 giant cockroaches
  10 hobgoblins
  10 jackals
  3 quokkas
  A ball python (D:3)
  3 bats
  2 frilled lizards
  5 goblins
  12 kobolds
  A leopard gecko zombie (D:8)
  4 rats
416 creatures vanquished.

Vanquished Creatures (collateral kills)
  A tengu warrior (D:12)
  A death yak (D:8)
  A cyclops (D:13)
  A gargoyle (D:13)
  A komodo dragon (Lair:6)
  4 blink frogs (Lair:6)
  A shadow (D:13)
  A bullfrog (Lair:6)
  2 electric eels (Lair:1)
  2 howler monkeys (D:13)
  3 gnolls (D:8)
  A shadow imp (D:8)
  An orc (D:8)
  A quokka (D:8)
21 creatures vanquished.

Vanquished Creatures (others)
  8 fungi
  29 plants
37 creatures vanquished.

Grand Total: 474 creatures vanquished

Notes
Turn   | Place    | Note
-------+----------+-------------------------------------------
     0 | D:1      | robertstho the Tengu Berserker began the quest for the Orb.
     0 | D:1      | Reached XP level 1. HP: 14/14 MP: 2/2
    81 | D:1      | Reached XP level 2. HP: 16/19 MP: 3/3
   407 | D:1      | Reached XP level 3. HP: 14/23 MP: 4/4
   546 | D:1      | Found a glowing golden altar of the Shining One.
   634 | D:2      | Reached ** piety under Trog
   661 | D:2      | Reached XP level 4. HP: 16/29 MP: 5/5
   789 | D:2      | Found a runed translucent door.
   790 | D:2      | Noticed Crazy Yiuf
  1066 | D:2      | Killed Crazy Yiuf
  1147 | D:3      | Reached skill level 3 in Armour
  1147 | D:3      | Gained mutation: You can fly continuously. [Tengu growth]
  1147 | D:3      | Reached XP level 5. HP: 29/33 MP: 6/6
  1437 | D:3      | Noticed a two-headed ogre
  1447 | D:3      | Killed a two-headed ogre
  1447 | D:3      | Reached skill level 5 in Fighting
  1447 | D:3      | Reached skill level 5 in Axes
  1447 | D:3      | Reached skill level 4 in Armour
  1447 | D:3      | Reached skill level 1 in Stealth
  1447 | D:3      | Reached XP level 6. HP: 14/40 MP: 7/7
  1447 | D:3      | Reached XP level 7. HP: 15/44 MP: 8/8
  1574 | D:3      | Found a shimmering blue altar of Sif Muna.
  1733 | D:4      | Found a staircase to the Ecumenical Temple.
  1803 | D:4      | Reached XP level 8. HP: 43/50 MP: 9/9
  2070 | D:4      | Reached skill level 5 in Armour
  2643 | D:5      | Entered Level 5 of the Dungeon
  2769 | D:5      | Reached *** piety under Trog
  3294 | D:6      | Reached skill level 6 in Armour
  3295 | D:6      | Reached skill level 5 in Polearms
  3373 | D:6      | Reached XP level 9. HP: 40/55 MP: 10/10
  3809 | D:6      | Noticed Prince Ribbit
  3827 | D:6      | Killed Prince Ribbit
  4067 | D:7      | Noticed Harold
  4072 | D:7      | Reached skill level 7 in Armour
  4089 | D:7      | Killed Harold
  4089 | D:7      | Reached skill level 5 in Dodging
  4097 | D:7      | Reached skill level 8 in Armour
  4268 | D:7      | Reached XP level 10. HP: 63/63 MP: 11/11
  4729 | D:8      | Found a staircase to the Lair.
  4729 | D:8      | Noticed a death yak
  4735 | D:8      | Reached **** piety under Trog
  4742 | D:8      | HP: 2/63 [death yak (21)]
  4816 | D:8      | Noticed an elephant
  4825 | D:8      | Killed an elephant
  4954 | D:8      | Killed a death yak
  4954 | D:8      | Reached skill level 9 in Armour
  5709 | D:10     | Entered Level 10 of the Dungeon
  5716 | D:10     | You are sucked into a shaft and drop 3 floors!
  5740 | D:13     | Noticed a manticore
  5749 | D:13     | Killed a manticore
  5790 | D:13     | Noticed a cyclops
  5790 | D:13     | Noticed a manticore
  5791 | D:13     | Noticed a two-headed ogre
  5802 | D:13     | Killed a two-headed ogre
  5802 | D:13     | Reached XP level 11. HP: 69/69 MP: 12/12
  5809 | D:13     | Killed a manticore
  5809 | D:13     | Reached skill level 10 in Polearms
  5809 | D:13     | Reached skill level 10 in Armour
  5816 | D:13     | Killed a cyclops
  5819 | D:13     | Noticed a deep elf knight
  5830 | D:13     | Noticed a skeletal warrior
  5831 | D:13     | Noticed a skeletal warrior
  5832 | D:13     | Noticed a tengu warrior
  5844 | D:12     | Killed a tengu warrior
  5971 | D:11     | Killed an unseen horror
  6063 | D:11     | Noticed a two-headed ogre
  6074 | D:11     | Killed a two-headed ogre
  6144 | D:11     | Found a runed translucent door.
  6144 | D:11     | Noticed Atlas's ghost (journeyman DrIE)
  6184 | D:10     | Noticed a two-headed ogre
  6247 | D:10     | Killed a two-headed ogre
  6420 | D:10     | Found a hazy altar of Hepliaklqana.
  6478 | D:10     | Reached skill level 10 in Fighting
  6757 | Lair:1   | Entered Level 1 of the Lair of Beasts
  6825 | Lair:1   | HP: 3/72 [electric eel/bolt of electricity (8)]
  7001 | Lair:1   | Reached skill level 11 in Armour
  7270 | Lair:1   | Got a smoking ring mail
  7281 | Lair:1   | Identified the cursed +0 ring mail "Habes" {rN+ MR+++} (You
                  | found it on level 1 of the Lair of Beasts)
  7330 | Lair:2   | Reached XP level 12. HP: 55/77 MP: 13/13
  7619 | Lair:2   | Reached skill level 1 in Shields
  7653 | Lair:2   | Reached ***** piety under Trog
  7653 | Lair:2   | Received a gift from Trog
  7717 | Lair:2   | Got a smoking quarterstaff {god gift}
  7723 | Lair:2   | Identified the +14 quarterstaff of Plog {flame, rPois}
                  | (Trog gifted it to you on level 2 of the Lair of Beasts)
  7745 | Lair:2   | Found a hole to the Spider Nest.
  8079 | Lair:2   | Reached skill level 1 in Staves
  8693 | Lair:3   | Noticed Snorg
  8705 | Lair:3   | Killed Snorg
  9298 | Lair:4   | Reached skill level 12 in Armour
  9423 | Lair:4   | Reached skill level 5 in Staves
  9437 | Lair:4   | Reached XP level 13. HP: 53/84 MP: 14/14
  9711 | Lair:4   | Found a staircase to the Swamp.
  9752 | Lair:4   | Found a large runed translucent door.
  9752 | Lair:4   | Found a large runed translucent door.
  9754 | Lair:4   | Noticed Atlas's ghost (journeyman DsMo)
 10077 | Lair:5   | Received a gift from Trog
 10123 | Lair:5   | Found a frozen archway.
 10140 | IceCv    | Entered an ice cave
 10179 | IceCv    | Reached skill level 13 in Armour
 10280 | IceCv    | Noticed a frost giant
 10289 | IceCv    | Killed a frost giant
 11462 | Lair:6   | Entered Level 6 of the Lair of Beasts
 11469 | Lair:6   | Received a gift from Trog
 11488 | Lair:6   | Reached XP level 14. HP: 85/92 MP: 15/15
 11882 | Lair:6   | Reached skill level 10 in Staves
 11910 | Lair:6   | Reached skill level 14 in Armour
 11919 | Lair:6   | Received a gift from Trog
 12228 | Lair:6   | Found a staircase to the Slime Pits.
 12229 | Lair:6   | Found a viscous altar of Jiyva.
 12234 | Lair:6   | Mangled by a tyrant leech

Levels and vault maps discovered:
D:1:      ncdulo_smallfort, layout_rooms, tso_altar
D:2:      layout_rooms, minmay_tripent, uniq_crazy_yiuf_cottage
D:3:      layout_loops_ring, nicolae_overflow_hidden_temple, minmay_diced_spiral
D:4:      layout_basic, temple_doors_e
D:5:      layout_basic, first_ration
D:6:      cheibrodos_iron_armory, layout_basic, uniq_prince_ribbit1
D:7:      layout_cave_pools, the_bakery, uniq_harold
D:8:      layout_rooms, david_lair_generic
D:9:      layout_cave_pools, serial_bayou_pond_d
D:10:     layout_rooms, basic_altar
D:11:     layout_basic, gammafunk_ghost_grave, uniq_sonja
D:12:     layout_small_grid, minmay_orc_entry_guard_dogs
D:13:     minmay_complete_graph, layout_rooms, david_vaults_2
Lair:1:   layout_misc_corridors, serial_bayou_shore_a
Lair:2:   layout_cave_pods, nicolae_spider_entry_non_spiders,
          eino_small_chamber_without_monster, grunt_forest_large_clearings
Lair:3:   layout_chaotic_city, serial_rivers, chequers_serial_rivers_micro_e,
          chequers_serial_rivers_micro_a, chequers_serial_rivers_small_b,
          chequers_serial_rivers_large_a, chequers_serial_rivers_micro_c,
          uniq_snorg
Lair:4:   layout_roguey, minmay_swamp_entry_worms, ebering_ghost_disaster_area
Lair:5:   layout_cave_pods, portal_ice_cave_demonic_guard
Lair:6:   minmay_lair_end_frog_pond, layout_regular_city, slime_altar_1

Skill      XL: |  1  2  3  4  5  6  7  8  9 10 11 12 13 14 |
---------------+-------------------------------------------+-----
Fighting       | 4 5 6 7 8 10 11 12 13 | 13.2
Axes           | 4 5 |  5.6
Armour         | 3 4 6 8 9 11 12 13 14 | 14.2
Polearms       | 3 5 7 9 10 11 | 11.5
Dodging        | 3 4 5 6 7 |  7.3
Stealth        | 1 2 3 |  3.5
Shields        | 2 |  2.3
Staves         | 5 9 10 | 10.6

Action                   |  1- 3 |  4- 6 |  7- 9 | 10-12 | 13-15 || total
-------------------------+-------+-------+-------+-------+-------++-------
Melee: Hand axe          |    58 |     8 |       |       |       ||    66
       Kick              |     9 |    12 |    91 |   255 |   117 ||   484
       Peck              |     6 |     9 |    52 |   142 |    75 ||   284
       Spear             |       |    40 |   298 |   545 |       ||   883
       Quarterstaff      |       |       |       |   100 |   353 ||   453
Invok: Berserk           |       |     1 |     1 |    11 |     7 ||    20
       Trog's Hand       |       |       |     2 |     1 |       ||     3
       Brothers in Arms  |       |       |       |     4 |     1 ||     5
 Abil: Fly               |       |     1 |       |       |       ||     1
Evoke: Wand              |       |       |       |     1 |       ||     1
  Use: Scroll            |       |       |     9 |     8 |     4 ||    21
       Potion            |       |       |       |     9 |     1 ||    10
 Stab: Sleeping          |     2 |       |       |       |       ||     2
       Distracted        |       |       |       |     2 |       ||     2
  Eat: Chunk             |       |     2 |    11 |    21 |    14 ||    48
       Ration            |       |       |       |     2 |     1 ||     3
Armor: Animal skin       |    11 |       |       |       |       ||    11
       Ring mail         |     7 |     2 |    30 |       |       ||    39
       Scale mail        |       |       |    25 |   182 |       ||   207
       Skin              |       |       |       |    35 |       ||    35
       Plate armour      |       |       |       |    28 |   210 ||   238
Dodge: Dodged            |    40 |    19 |   125 |   344 |   331 ||   859
Block: Kite shield       |       |       |       |    76 |       ||    76

Table legend:
 A = Non-vault XP
 B = Vault XP
 C = Vault XP percentage of total XP
 D = Non-vault monster count
 E = Vault monster count
 F = Vault count percentage of total count
                 A         B        C        D         E       F
            +---------+---------+-------+---------+---------+-------
      Total |   43489 |   28327 |  39.4 |     313 |     124 |  28.4
            +---------+---------+-------+---------+---------+-------
        D:1 |      37 |       0 |   0.0 |      17 |       0 |   0.0
        D:2 |      67 |      48 |  41.7 |      16 |       3 |  15.8
        D:3 |     921 |       8 |   0.9 |      12 |       4 |  25.0
        D:4 |     469 |       0 |   0.0 |      24 |       0 |   0.0
        D:5 |     239 |       0 |   0.0 |      12 |       0 |   0.0
        D:6 |     914 |     277 |  23.3 |      21 |       1 |   4.5
        D:7 |    1241 |    1176 |  48.7 |      20 |       2 |   9.1
        D:8 |     240 |    1437 |  85.7 |      12 |       4 |  25.0
        D:9 |    1259 |       0 |   0.0 |      21 |       0 |   0.0
       D:10 |    2655 |       0 |   0.0 |      24 |       0 |   0.0
       D:11 |    2154 |       0 |   0.0 |      16 |       0 |   0.0
       D:12 |     572 |       0 |   0.0 |       1 |       0 |   0.0
       D:13 |    2027 |    1101 |  35.2 |       9 |       3 |  25.0
     Lair:1 |    1339 |       0 |   0.0 |       9 |       0 |   0.0
     Lair:2 |    3835 |    2629 |  40.7 |      17 |      27 |  61.4
     Lair:3 |    2590 |    1140 |  30.6 |      12 |       1 |   7.7
     Lair:4 |    5326 |     340 |   6.0 |      20 |       2 |   9.1
     Lair:5 |   11796 |    2378 |  16.8 |      31 |       9 |  22.5
     Lair:6 |    5808 |    8370 |  59.0 |      19 |      32 |  62.7
      IceCv |       0 |    9423 | 100.0 |       0 |      36 | 100.0
            +---------+---------+-------+---------+---------+-------
